[Event "Gibraltar Challengers B 2019"]
[Site "Caleta"]
[Date "2019.01.30"]
[Round "5"]
[White "Alarcon Olmos, Daniel"]
[Black "Ramasindraibe, Girard"]
[Result "0-1"]
[ECO "C77"]
[WhiteElo "2124"]
[BlackElo "2129"]
[Annotator "NA RC"]
[PlyCount "58"]
[EventDate "2019.01.18"]
[EventType "swiss"]
[EventCountry "GGB"]
[SourceTitle "playchess.com"]
[Source "ChessBase"]
[SourceQuality "1"]
[TimeControl "6600+10"]

1. e4 e5 2. Nf3 Nc6 3. Bb5 a6 4. Ba4 Nf6 5. d3 d6 6. c3 g6 7. O-O Bg7 8. Re1 O-O 9. h3 {[%emt 0:05:20] LiveBook: 60 Games} b5 {[%emt 0:08:12] C77: Ruy Lopez: 3...a6 4 Ba4 Nf6, unusual lines} (9... Re8 10. Be3 d5 11. Nbd2 h6 12. exd5 Nxd5 13. Bxc6 bxc6 14. Qa4 Bf5 15. Ne4 Rb8 16. Rab1 Nb6 17. Qc2 {½-½ (40) Zhao,J (2599)-Wang,H (2713) Hanoi 2018}) 10. Bb3 Na5 11. Bc2 c5 12. d4 Qc7 (12... cxd4 $17 13. cxd4 exd4) 13. d5 Nh5 $146 ({Predecessor:} 13... Nc4 14. b3 Nb6 {1-0 (53) Vratonjic,S (2453)-Nestorovic,N (2424) Zlatibor 2007}) 14. Nbd2 Bh6 15. b4 cxb4 16. cxb4 Nc4 17. Nxc4 Bxc1 18. Rxc1 Qxc4 19. a3 Qc7 $1 20. Kh2 Bd7 21. Qd2 Qb6 22. g3 a5 23. Kg2 axb4 24. Qxb4 $2 (24. axb4 $15 Ra2 25. Ra1) 24... Bxh3+ 25. Kxh3 $2 (25. Kg1) 25... Qxf2 26. Rg1 Qxf3 27. Bd1 Nf4+ 28. Kh4 Qf2 29. Rh1 $19 Nd3 0-1

[Event "Gibraltar Challengers B 2019"]
[Site "Caleta"]
[Date "2019.01.30"]
[Round "5"]
[White "Verneuil, Pascal"]
[Black "Garcia Rodriguez, Inaki"]
[Result "1-0"]
[ECO "C42"]
[WhiteElo "2114"]
[BlackElo "1931"]
[Annotator "NA RC"]
[PlyCount "91"]
[EventDate "2019.01.18"]
[EventType "swiss"]
[EventCountry "GGB"]
[SourceTitle "playchess.com"]
[Source "ChessBase"]
[SourceQuality "1"]
[TimeControl "6600+10"]

1. e4 e5 2. Nf3 Nf6 3. Nxe5 Nc6 4. Nxc6 dxc6 5. Nc3 Bc5 {[%emt 0:00:06] C42: Petroff Defence: 3 Nxe5 and unusual White 3rd moves} 6. Be2 h5 7. d4 $146 ({Predecessor:} 7. d3 Ng4 8. Bxg4 hxg4 9. Qe2 Be6 10. Be3 Bb4 11. Qd2 Qd7 12. a3 Be7 13. d4 {1-0 (41) Hinks Edwards,T (2393)-Pletanek,J (2242) Czechia 2009}) 7... Bxd4 8. Qd3 Be6 9. Be3 Bxe3 10. Qxe3 Nd7 11. O-O-O Qe7 12. Kb1 Qc5 13. Rd4 Qa5 (13... Qe7 $14) 14. f4 f6 15. Rhd1 c5 16. Ra4 Qb6 17. Qg3 O-O-O $1 18. f5 Bf7 19. Qxg7 Ne5 20. Rxd8+ Rxd8 21. Qh6 (21. Nd5 $1 $11 Qd6 22. b3 (22. Qxf6 Qxf6 23. Nxf6 Rd2 $17) (22. Rxa7 Kb8 $15)) 21... c4 22. Qc1 Qc5 23. Ra3 b5 24. Nd5 Bxd5 25. exd5 b4 26. Ra6 Qf2 ({Better is} 26... Qxd5 $17 27. Bxh5 Qxg2 28. Rxf6 c3 29. bxc3 bxc3) 27. Bxh5 Qxf5 28. Qd1 Rd6 29. Rxd6 cxd6 30. h3 Qf2 31. Bf3 Kc7 32. a3 bxa3 33. bxa3 Qc5 34. Ka2 c3 35. Be2 Qf2 (35... Nc4 $11 36. Bxc4 Qxc4+ 37. Ka1 Qc5) 36. g4 Qb6 37. Qb1 Qe3 (37... Qxb1+ $16 {is a better defense.} 38. Kxb1 Kb6) 38. Ba6 Nd7 $2 (38... Qb6) 39. Qb7+ Kd8 40. Qc8+ Ke7 41. Bb5 Qd2 42. Qxd7+ {[%emt 0:00:24] Double Attack} Kf8 43. Qxd6+ Kg7 44. Qc7+ Kg6 45. Bd3+ Kg5 46. d6 1-0

[Event "Gibraltar Challengers B 2019"]
[Site "Caleta"]
[Date "2019.01.30"]
[Round "5"]
[White "Bottema, Martin"]
[Black "Maldonado Mena, German"]
[Result "0-1"]
[ECO "E73"]
[WhiteElo "2104"]
[BlackElo "1808"]
[Annotator "NA RC"]
[PlyCount "64"]
[EventDate "2019.01.18"]
[EventType "swiss"]
[EventCountry "GGB"]
[SourceTitle "playchess.com"]
[Source "ChessBase"]
[SourceQuality "1"]
[TimeControl "6600+10"]

1. d4 Nf6 2. c4 g6 3. Nc3 Bg7 4. e4 d6 5. Be2 O-O 6. Be3 e5 7. d5 Nbd7 8. g4 Nc5 {[%emt 0:01:23] E73: King's Indian: Averbakh Variation without 6...c5} 9. f3 a5 10. h4 h5 11. g5 Ne8 (11... Nh7 12. Kd2 Bd7 13. Nh3 c6 14. Nf2 cxd5 15. exd5 f5 16. gxf6 Nxf6 17. Bxc5 dxc5 {0-1 (37) Vallejo Pons,F (2705)-Radjabov,T (2741) Palma de Mallorca 2017}) 12. Qd2 Bd7 13. O-O-O b6 (13... Qb8 $14) 14. Kb1 $146 ({Predecessor:} 14. Nh3 Qc8 15. Nf2 Qa6 16. Kb1 {0-1 (58) Kumar,N (2268)-Shen,C (2254) Irving 2018}) 14... Na4 15. Nxa4 Bxa4 16. Rc1 Bd7 17. Nh3 c6 18. dxc6 Bxc6 19. Nf2 Rb8 20. Rc3 Qe7 21. Nd1 Nc7 22. Rb3 Ne6 23. Rxb6 Rxb6 24. Bxb6 Qb7 25. Bxa5 Bxe4+ $1 {[%emt 0:00:13] Double Attack} 26. Ka1 (26. Bd3 $17 Bxf3 27. Re1) 26... Bxf3 27. Rf1 Bxe2 28. Qxe2 Nd4 29. Qf2 Qa6 {[%emt 0:01:37] Double Attack} 30. Bc3 Qxc4 31. Ne3 $19 Qd3 32. Rd1 Nb3+ 0-1

[Event "Gibraltar Challengers B 2019"]
[Site "Caleta"]
[Date "2019.01.30"]
[Round "5"]
[White "Schouten, Freek"]
[Black "Bryn, Askild"]
[Result "1-0"]
[ECO "E08"]
[WhiteElo "2087"]
[BlackElo "2010"]
[Annotator "NA RC"]
[PlyCount "51"]
[EventDate "2019.01.18"]
[EventType "swiss"]
[EventCountry "GGB"]
[SourceTitle "playchess.com"]
[Source "ChessBase"]
[SourceQuality "1"]
[TimeControl "6600+10"]

1. d4 d5 2. Nf3 Nf6 3. c4 e6 4. g3 c6 5. Qc2 Ne4 6. Bg2 f5 7. Bf4 Be7 8. Nbd2 O-O 9. O-O Nd7 10. Ne5 Bf6 11. Ndf3 Ng5 12. Rac1 Nxf3+ 13. Nxf3 g5 14. Bd6 Be7 15. Bxe7 Qxe7 16. e3 g4 17. Ne1 h5 18. Nd3 Rf6 19. Nf4 Rh6 20. cxd5 cxd5 21. Qc7 Kf7 22. Nd3 Ke8 $2 (22... Rh7 {was worth a try.} 23. Qf4 Nf8) 23. Qf4 Rg6 24. Rc7 Qg5 25. Rfc1 Kd8 $18 26. Qd6 1-0

[Event "Gibraltar Challengers B 2019"]
[Site "Caleta"]
[Date "2019.01.30"]
[Round "5"]
[White "Broekman, Willem"]
[Black "Jordan Martinez, David"]
[Result "0-1"]
[ECO "A41"]
[WhiteElo "2071"]
[BlackElo "2125"]
[Annotator "RC"]
[PlyCount "116"]
[EventDate "2019.01.18"]
[EventType "swiss"]
[EventCountry "GGB"]
[SourceTitle "playchess.com"]
[Source "ChessBase"]
[SourceQuality "1"]
[TimeControl "6600+10"]

1. d4 d6 2. c4 e5 3. dxe5 dxe5 4. Qxd8+ Kxd8 5. Nf3 f6 6. Nc3 Be6 7. e4 Nd7 8. Be2 c6 9. Be3 Bc5 10. Bxc5 Nxc5 11. b4 Nd7 12. O-O Nh6 13. Rfd1 Ke7 14. Rd2 a5 15. Rb2 axb4 16. Rxb4 Nc5 17. Nd2 Ra7 18. Rab1 Rd8 19. Nb3 Nxb3 20. axb3 Rd2 21. Kf1 Nf7 22. Ke1 Rd4 23. Bf3 Ng5 24. Rd1 Kd6 25. Rxd4+ exd4 26. Na4 Bd7 27. c5+ Ke5 28. Nb2 Nxf3+ 29. gxf3 Kf4 30. Rxd4 Be6 31. Ke2 Bxb3 32. Nd3+ Kg5 33. Rd7 Kh6 34. f4 Bc4 35. e5 Kg6 36. Rd4 Bd5 37. Rb4 Kf5 38. Ke3 h5 39. f3 h4 40. h3 Be6 41. Rd4 Ra3 42. Rb4 Kg6 43. Kd2 Bxh3 44. Nf2 Be6 45. exf6 gxf6 46. Rxb7 Rxf3 47. Ke2 Rxf4 48. Rb1 Rc4 49. Rh1 Kh5 50. Nd3 Bd5 51. Rg1 Rg4 52. Rf1 Kg5 53. Nf2 Rc4 54. Rg1+ Kf5 55. Nd3 Rg4 56. Rf1+ Kg5 57. Nf2 Bc4+ 58. Nd3 Rg2+ 0-1

[Event "Gibraltar Challengers B 2019"]
[Site "Caleta"]
[Date "2019.01.30"]
[Round "5"]
[White "Spacapan, Simon"]
[Black "Gostelow, David W"]
[Result "1/2-1/2"]
[ECO "B32"]
[WhiteElo "2061"]
[BlackElo "1850"]
[Annotator "NA RC"]
[PlyCount "101"]
[EventDate "2019.01.18"]
[EventType "swiss"]
[EventCountry "GGB"]
[SourceTitle "playchess.com"]
[Source "ChessBase"]
[SourceQuality "1"]
[TimeControl "6600+10"]

1. e4 c5 2. Nf3 Nc6 3. d4 cxd4 4. Nxd4 e5 5. Nb5 a6 6. Nd6+ Bxd6 7. Qxd6 Qf6 8. Qd1 Qg6 9. Nc3 Nge7 10. Be3 d5 11. Nxd5 ({Better is} 11. exd5 $14 Nb4 12. Bd3) 11... Nxd5 {[%emt 0:04:14] B32: Sicilian: Löwenthal and Kalashnikov Variations} 12. Qxd5 O-O ({Better is} 12... Be6 $11 13. Qd2 Qxe4) 13. f3 Rd8 14. Qc5 b6 $146 ({Predecessor:} 14... Be6 15. Rd1 Rxd1+ 16. Kxd1 Bxa2 17. b3 Rc8 18. Qa3 Bb1 19. Qb2 {0-1 (37) Stepanov,A (2381)-Golubka,P (2403) Tula 2010}) 15. Qa3 Nd4 16. Bxd4 Rxd4 17. Qe3 Bb7 18. Kf2 Rad8 19. Bd3 Qh5 20. g4 Qh4+ 21. Kg2 h5 22. h3 Qe7 23. Rhd1 Bc6 24. c3 R4d6 25. Bc2 ({Reject} 25. gxh5 Qh4 $15) 25... Bb5 26. Rxd6 Rxd6 27. Rd1 ({Reject} 27. gxh5 Qd8 $17) 27... hxg4 28. hxg4 Rh6 29. Qd2 Kh7 $1 30. Qd8 Qc5 31. Qd2 Qe7 32. Rh1 $14 Bf1+ 33. Rxf1 Qh4 34. Qxh6+ gxh6 35. Rd1 h5 36. gxh5 Qg5+ 37. Kf2 Qxh5 38. Rg1 Qh4+ 39. Rg3 Qf4 40. Rh3+ Kg7 41. Rg3+ (41. Bb3 {was the only chance.}) 41... Kf8 42. Rg2 Qc1 43. Kg3 Qxb2 44. Bd3 Qxc3 45. Bxa6 Qe3 46. Bc4 Qe1+ 47. Kg4 Ke7 48. Bd5 f6 (48... Qc1 $19 {has better winning chances.} 49. Kg3 Kd6) 49. Kf5 Qh1 50. Rg7+ Kd6 $17 51. Kxf6 1/2-1/2

[Event "Gibraltar Challengers B 2019"]
[Site "Caleta"]
[Date "2019.01.30"]
[Round "5"]
[White "Cao Armillas, Jesus"]
[Black "Sidali, Elias Hulleberg"]
[Result "1/2-1/2"]
[ECO "E41"]
[WhiteElo "2048"]
[BlackElo "1783"]
[Annotator "NA RC"]
[PlyCount "72"]
[EventDate "2019.01.18"]
[EventType "swiss"]
[EventCountry "GGB"]
[SourceTitle "playchess.com"]
[Source "ChessBase"]
[SourceQuality "1"]
[TimeControl "6600+10"]

1. d4 Nf6 2. c4 e6 3. Nc3 Bb4 4. e3 c5 5. Bd3 Nc6 6. Nge2 cxd4 7. exd4 d5 8. O-O ({Predecessor:} 8. c5 O-O {1-0 (31) Kashlinskaya,A (2455)-Kharmunova,N (2199) Sochi 2017}) 8... O-O $146 {[%emt 0:00:08] E41: Nimzo-Indian: Rubinstein: 4...c5 5 Bd3, including Hübner Variation} (8... dxc4 9. Bxc4 O-O 10. a3 Bd6 11. h3 h6 12. Be3 Ne7 13. Qd3 Bd7 14. Rad1 Ned5 15. Bxd5 Nxd5 16. Nxd5 exd5 17. Bf4 Be7 18. Rfe1 Re8 19. Nc3 {½-½ (55) Short,N (2684)-Vaibhav,S (2527) Jakarta 2013}) 9. c5 b6 ({Predecessor:} 9... e5 10. a3 Ba5 11. dxe5 Nxe5 12. Bg5 Be6 13. Bc2 Bxc3 14. Nxc3 Ned7 15. Re1 h6 16. Bxf6 Qxf6 {1-0 (31) Kashlinskaya,A (2455)-Kharmunova,N (2199) Sochi 2017}) 10. Qa4 Bd7 11. Bb5 Bxc3 $1 12. Nxc3 Qc7 13. g3 bxc5 14. Bf4 Qb6 15. dxc5 Qxc5 16. Rac1 a6 17. Bxc6 Bxc6 18. Qc2 Rac8 19. Ne4 Nxe4 20. Qxc5 Nxc5 21. Rxc5 Bb5 22. Rfc1 Bd7 23. Bc7 f6 24. f4 Rfe8 25. a3 d4 26. b4 d3 27. Rd1 Bb5 28. a4 Bxa4 29. Rxd3 Bb5 30. Rdc3 Kf7 31. Kf2 Bd7 32. Ke3 Bb5 33. Ke4 Bd7 34. Ke3 Bb5 35. Ke4 Rh8 36. Ke3 Rhe8 $11 (36... Rce8 $15) 1/2-1/2

[Event "Gibraltar Challengers B 2019"]
[Site "Caleta"]
[Date "2019.01.30"]
[Round "5"]
[White "Kukic, Boris"]
[Black "Gillis Onieva, Celia"]
[Result "1-0"]
[ECO "B40"]
[WhiteElo "2035"]
[BlackElo "1930"]
[Annotator "NA RC"]
[PlyCount "129"]
[EventDate "2019.01.18"]
[EventType "swiss"]
[EventCountry "GGB"]
[SourceTitle "playchess.com"]
[Source "ChessBase"]
[SourceQuality "1"]
[TimeControl "6600+10"]

1. e4 e6 2. Nf3 d5 3. e5 c5 4. c3 Nc6 5. Bb5 Bd7 6. Ba4 {[%emt 0:00:57] B40: Sicilian: 2...e6, Unusual lines} d4 (6... Nh6 7. O-O Nf5 8. Bc2 Nh4 9. Nxh4 Qxh4 10. Re1 c4 11. d4 cxd3 12. Bxd3 Bc5 13. g3 Qh3 {1-0 (32) Cicak,S (2568)-Ivanov,S (2536) Sweden 2011}) 7. d3 $146 ({Predecessor:} 7. O-O Nge7 8. d3 Ng6 9. Re1 Nh4 10. Nbd2 Nf5 11. Nc4 a6 12. Bb3 b5 13. Ncd2 Be7 {1-0 (44) Turikov,V (2153)-Seregina,M (1875) St Petersburg 2017}) 7... Nge7 8. Bg5 Qc7 9. O-O h6 10. Bf4 g5 11. Bg3 Bg7 12. Na3 O-O 13. cxd4 Nxd4 14. Nxd4 cxd4 15. Rc1 Bxa4 16. Qxa4 Qd8 17. f4 Nf5 18. Nc4 Nxg3 (18... Qd5 $11 19. Qb3 f6) 19. hxg3 f6 20. exf6 Bxf6 21. Qb5 Qe7 22. Rce1 Rac8 23. Qa4 Rc6 24. Qb3 Kh8 (24... gxf4 $14 25. Rxf4 Bg7) 25. Ne5 Bxe5 26. Rxe5 Rf5 27. Re4 b6 28. Qa4 Rd6 29. Rfe1 Ra5 30. Qb3 Rad5 31. Qd1 Qf6 32. Qg4 Rf5 33. Qh5 gxf4 34. Qe8+ Qf8 35. Qxf8+ Rxf8 36. gxf4 Rf6 37. Kf2 ({Better is} 37. g3 $16) 37... e5 $14 38. g3 exf4 39. gxf4 Kg7 40. Kf3 Kg6 41. Re7 Rf7 42. R7e5 Rf5 43. Rg1+ Kf6 44. Ke4 Re6 45. Rg6+ Kxg6 46. Rxe6+ Rf6 47. Re8 h5 48. Rh8 Rf7 49. Rg8+ Kf6 50. Kxd4 Kf5 51. Rg5+ Kxf4 52. Rxh5 Rd7+ 53. Kc4 Ke3 54. Rh3+ Kf4 55. b4 Rd6 56. a4 a5 57. bxa5 bxa5 58. Rh8 Ke3 59. Re8+ Kd2 60. d4 Kc2 61. Re2+ Kd1 62. Rh2 Kc1 63. d5 Rb6 64. Kc5 Rb4 65. d6 1-0

[Event "Gibraltar Challengers B 2019"]
[Site "Caleta"]
[Date "2019.01.30"]
[Round "5"]
[White "Fegan, Chris"]
[Black "Obiamiwe, Paul"]
[Result "0-1"]
[ECO "E94"]
[WhiteElo "2024"]
[BlackElo "1903"]
[Annotator "NA RC"]
[PlyCount "61"]
[EventDate "2019.01.18"]
[EventType "swiss"]
[EventCountry "GGB"]
[SourceTitle "playchess.com"]
[Source "ChessBase"]
[SourceQuality "1"]
[TimeControl "6600+10"]

1. Nf3 Nf6 2. d4 g6 3. c4 Bg7 4. Nc3 d6 5. e4 O-O 6. Be2 {[%emt 0:00:02] LiveBook: 40115 Games} Nbd7 7. O-O e5 8. d5 Nc5 9. Qc2 a5 10. Rb1 $2 (10. Ne1 $1 $11) 10... Ncxe4 11. Nxe4 Nxe4 12. b4 axb4 13. Rxb4 Nc5 14. Be3 Na6 15. Rb3 f5 16. g3 f4 17. gxf4 exf4 18. Bd4 Bxd4 19. Nxd4 Nc5 20. Rc3 Qf6 21. Rd1 Bd7 22. Kh1 Rfe8 23. Bf3 Bh3 24. Bg2 Qxd4 25. Bxh3 Qe4+ 26. Kg1 Qxc2 27. Rxc2 Ra3 28. Kg2 $19 Re5 29. Rd4 Rg5+ 30. Kf1 Rxh3 31. Ke1 0-1

[Event "Gibraltar Challengers B 2019"]
[Site "Caleta"]
[Date "2019.01.30"]
[Round "5"]
[White "Herzwurm, Robert"]
[Black "Nandi, Robin J"]
[Result "0-1"]
[ECO "C52"]
[WhiteElo "2021"]
[BlackElo "1903"]
[Annotator "NA RC"]
[PlyCount "50"]
[EventDate "2019.01.18"]
[EventType "swiss"]
[EventCountry "GGB"]
[SourceTitle "playchess.com"]
[Source "ChessBase"]
[SourceQuality "1"]
[TimeControl "6600+10"]

1. e4 e5 2. Nf3 Nc6 3. Bc4 Bc5 4. b4 Bxb4 5. c3 Ba5 6. d4 exd4 7. O-O Nf6 8. e5 d5 $1 9. exf6 dxc4 10. fxg7 Rg8 11. Ng5 Rxg7 12. Re1+ Be6 13. Nxe6 fxe6 14. Rxe6+ Kd7 15. Re4 Qf6 16. cxd4 Rf8 17. Qe2 Nxd4 18. Rxd4+ Qxd4 19. Bb2 c3 20. Nxc3 Bxc3 21. Rd1 Bxb2 22. Qb5+ Kc8 23. Rxd4 Bxd4 24. Qe2 Bxf2+ 25. Kh1 Bb6 $19 0-1

[Event "Gibraltar Challengers B 2019"]
[Site "Caleta"]
[Date "2019.01.30"]
[Round "5"]
[White "Hassomal Daswani, Birjkumar"]
[Black "Ungureanu, Sandu"]
[Result "0-1"]
[ECO "C44"]
[WhiteElo "2008"]
[BlackElo "2057"]
[Annotator "NA RC"]
[PlyCount "68"]
[EventDate "2019.01.18"]
[EventType "swiss"]
[EventCountry "GGB"]
[SourceTitle "playchess.com"]
[Source "ChessBase"]
[SourceQuality "1"]
[TimeControl "6600+10"]

1. e4 d6 2. d4 Nc6 3. Nf3 e5 4. c3 exd4 5. cxd4 Nf6 6. Nc3 {[%emt 0:00:18] C44: Ponziani Opening and Scotch Gambit} d5 (6... Be7 7. Bd3 Bg4 8. Be3 O-O 9. h3 Bh5 10. Qb3 Rb8 11. g4 Bg6 12. d5 Na5 13. Qd1 c5 14. Nd2 b5 {½-½ (31) Saim,M (2088)-Haddouche,M (2524) Algiers 2015}) 7. e5 Ne4 8. Bb5 $146 ({Predecessor:} 8. a3 Bg4 9. Be2 Be7 10. Be3 O-O 11. O-O Qd7 12. Qc2 Nxc3 13. bxc3 f6 14. c4 fxe5 15. cxd5 Bxf3 16. Bxf3 Nxd4 17. Bxd4 exd4 18. Qb3 Bd6 {½-½ (19) Loos,U (2033)-Jurkic,B (2090) Germany 2012}) 8... Nxc3 9. bxc3 Be7 10. O-O O-O 11. h3 Bf5 12. a4 Na5 13. Re1 c6 14. Bf1 a6 15. Ba3 Bxa3 16. Rxa3 b5 17. axb5 axb5 18. Qa1 Nc4 19. Bxc4 dxc4 20. Qa2 Rxa3 21. Qxa3 Qd5 22. Nh4 Bd3 23. g3 Be4 24. Qc1 h6 25. Qe3 Bh7 26. Ng2 Ra8 27. Nf4 Qd7 28. e6 fxe6 29. Qxe6+ Qxe6 30. Rxe6 Ra1+ 31. Kg2 b4 32. cxb4 {[%emt 0:09:14] [#]} c3 $1 33. Kf3 c2 34. Ne2 Bd3 $19 {[%emt 0:00:12] Ke4 [%emt 00:01:19]} 0-1

[Event "Gibraltar Challengers B 2019"]
[Site "Caleta"]
[Date "2019.01.30"]
[Round "5"]
[White "Vinal Gutierrez, Pedro"]
[Black "Dasaolu, Rotimi"]
[Result "1/2-1/2"]
[ECO "A46"]
[WhiteElo "1997"]
[BlackElo "2038"]
[Annotator "NA RC"]
[PlyCount "46"]
[EventDate "2019.01.18"]
[EventType "swiss"]
[EventCountry "GGB"]
[SourceTitle "playchess.com"]
[Source "ChessBase"]
[SourceQuality "1"]
[TimeControl "6600+10"]

1. d4 Nf6 2. Bf4 d6 3. e3 Nbd7 4. Nf3 Nh5 {[%emt 0:01:22] A46: 1 d4 Nf6 2 Nf3 e6: Torre, London and Colle Systems} 5. Bg5 h6 6. Bh4 g5 7. Nfd2 {[%emt 0:00:59] LiveBook: 15 Games} Ndf6 8. Bg3 (8. Be2 Ng7 9. Bg3 Nf5 10. Bd3 Bg7 11. c3 e6 12. Na3 a6 13. Nc2 Qe7 14. e4 Nxg3 15. hxg3 e5 {½-½ (15) Pikula,D (2486)-Bauer,C (2646) Zuerich 2018}) 8... Bg7 9. Bc4 $146 ({Predecessor:} 9. Nc3 Bf5 10. Bd3 Bxd3 11. cxd3 c6 12. Nde4 {0-1 (81) Terrieux,K (2500)-Mirzoev,E (2496) Orsay 2018}) 9... Nxg3 10. hxg3 c6 11. c3 Qc7 12. Bd3 e5 13. Na3 O-O 14. dxe5 dxe5 15. e4 Rd8 16. Qe2 b5 17. Nb3 a5 18. Rd1 $17 Bg4 19. f3 Be6 20. O-O Nd7 21. Qf2 Bf8 22. Kh2 a4 23. Nc1 Bc5 1/2-1/2

[Event "Gibraltar Challengers B 2019"]
[Site "Caleta"]
[Date "2019.01.30"]
[Round "5"]
[White "Probst, Alexander"]
[Black "Alami, Halim"]
[Result "1-0"]
[ECO "C42"]
[WhiteElo "1976"]
[BlackElo "2059"]
[Annotator "NA RC"]
[PlyCount "79"]
[EventDate "2019.01.18"]
[EventType "swiss"]
[EventCountry "GGB"]
[SourceTitle "playchess.com"]
[Source "ChessBase"]
[SourceQuality "1"]
[TimeControl "6600+10"]

1. e4 e5 2. Nf3 Nf6 3. Nc3 Bb4 4. Bc4 d6 5. h3 O-O 6. d3 c6 7. O-O d5 8. exd5 cxd5 9. Bb3 Bxc3 10. bxc3 Qc7 11. Bg5 Be6 12. Re1 Nfd7 13. Qd2 Nc6 14. d4 f6 15. Bf4 exf4 16. Rxe6 Nb6 17. Rae1 Kf7 18. Qd3 g6 (18... Kg8 {was worth a try.} 19. c4 dxc4) 19. c4 Ne5 20. dxe5 Kxe6 21. cxd5+ Kd7 22. e6+ Ke7 23. c4 Rac8 24. Re4 Qd6 25. Nd4 a6 26. Ne2 g5 27. Nd4 f5 28. Re2 f3 29. Nxf3 Qf4 30. g3 Qc1+ 31. Kg2 Qa3 32. Nxg5 Nxc4 33. Qd4 Rg8 34. Nf7 Nd6 35. Qh4+ Ke8 36. Qxh7 Rf8 37. Ne5 Rf6 38. Nd7 Ne4 39. Nxf6+ Nxf6 40. Qf7+ 1-0

[Event "Gibraltar Challengers B 2019"]
[Site "Caleta"]
[Date "2019.01.30"]
[Round "5"]
[White "Cano Sevilla, Ivan"]
[Black "Kakulidis, Ellen"]
[Result "1-0"]
[ECO "A17"]
[WhiteElo "1950"]
[BlackElo "2021"]
[Annotator "NA RC"]
[PlyCount "136"]
[EventDate "2019.01.18"]
[EventType "swiss"]
[EventCountry "GGB"]
[SourceTitle "playchess.com"]
[Source "ChessBase"]
[SourceQuality "1"]
[TimeControl "6600+10"]

1. Nf3 Nf6 2. e3 e6 3. c4 d5 4. Nc3 Be7 5. Qc2 O-O 6. b3 b6 7. Bb2 Bb7 8. d4 Ne4 9. Bd3 f5 10. Ne5 c5 11. cxd5 exd5 12. O-O Nc6 {[%emt 0:05:07] [#]} 13. Nxd5 $1 Bg5 ({Wrong is} 13... Qxd5 $2 14. Bc4 $18) (13... Nxe5 {is a better defense.} 14. Nxe7+ Qxe7) 14. Nxc6 Bxc6 15. Nb4 Bb7 16. Bc4+ Kh8 17. dxc5 Nxc5 18. Rad1 Qe8 19. Bd5 Bxd5 20. Rxd5 Ne4 21. Qc6 Qxc6 22. Nxc6 Rac8 23. Nd4 Rc5 (23... Bf6 $16 24. Rxf5 Kg8) 24. Rxc5 Nxc5 25. b4 Na4 26. Ne6 {[%emt 0:00:00] Double Attack} Rc8 27. Bxg7+ Kg8 28. Bd4 Be7 29. a3 a5 30. bxa5 bxa5 31. g3 Bxa3 32. Kg2 Bb4 33. Nf4 Rc2 34. Nd5 Nc3 (34... Nc5 $16) 35. Bxc3 Bxc3 36. Nxc3 Rxc3 37. Ra1 Rc5 38. Ra4 Kf7 39. Kf3 Ke6 {[%emt 0:01:35] [#]} 40. g4 $1 fxg4+ 41. Kxg4 ({Don't take} 41. Rxg4 $6 Kd7 $16) 41... Rb5 42. f4 h5+ 43. Kf3 Kf6 44. Rd4 Kg6 (44... Rb8 {was called for.} 45. Rd6+ Kf7) 45. Ke4 Kf6 (45... h4 {was worth a try.} 46. Kf3 Rb2) 46. Rd6+ Ke7 47. Rd5 Rb4+ 48. Ke5 a4 49. Ra5 h4 50. e4 h3 51. Ra7+ Kf8 52. Kf5 Rb2 53. Rxa4 Rxh2 54. Kf6 Ke8 55. e5 Re2 56. f5 h2 57. Rh4 Kd8 58. e6 Kc7 $1 59. Ke7 Kc6 60. Rh5 Kd5 61. Kf6 Kd6 62. Rh4 Kc7 63. Ke7 Kc6 64. Rh8 Kd5 65. Rh5 Re5 66. Kf6 Re2 67. e7 Kd6 68. Rxh2 Re6+ 1-0

[Event "Gibraltar Challengers B 2019"]
[Site "Caleta"]
[Date "2019.01.30"]
[Round "5"]
[White "Pereira Lopez, Aketza"]
[Black "Suez-Panama, Gilles"]
[Result "1-0"]
[ECO "C00"]
[WhiteElo "1861"]
[BlackElo "2078"]
[Annotator "NA RC"]
[PlyCount "57"]
[EventDate "2019.01.18"]
[EventType "swiss"]
[EventCountry "GGB"]
[SourceTitle "playchess.com"]
[Source "ChessBase"]
[SourceQuality "1"]
[TimeControl "6600+10"]

1. e4 e6 2. Nf3 d5 3. e5 c5 4. b4 cxb4 5. a3 Nc6 6. axb4 Bxb4 7. c3 Be7 8. d4 Bd7 9. Bd3 f5 10. O-O {[%emt 0:00:42] C00: French: Unusual White 2nd moves} (10. h3 h5 11. Rg1 Nh6 12. Bxh6 Rxh6 13. g4 hxg4 14. hxg4 fxg4 15. Rxg4 Qb6 16. Nbd2 Rh1+ 17. Ng1 O-O-O {0-1 (49) Martens,M (2430)-Nikolic,P (2671) Amsterdam 2004}) 10... Nh6 11. Ne1 $146 ({Predecessor:} 11. Bxh6 gxh6 12. Ne1 {0-1 (40) Lam,P (2117)-MacKenzie,C (2096) England 2012}) 11... O-O 12. Bxh6 gxh6 13. g4 ({Predecessor:} 13. Qh5 Rf7 14. Qxh6 Na5 15. f4 Nb3 16. Ra2 Nc1 17. Rb2 Nxd3 18. Nxd3 {0-1 (40) Lam,P (2117)-MacKenzie,C (2096) England 2012}) 13... fxg4 14. Qxg4+ Kh8 15. Qh3 Bg5 16. Ng2 $1 Rg8 17. f4 Be7 18. Qxh6 Rg7 19. Kh1 Qg8 20. Qh3 Qf7 (20... b5 $11) 21. Nd2 Rag8 22. Ne3 Bd8 23. f5 exf5 24. Bxf5 Bxf5 25. Nxf5 Qe6 26. Nb3 b6 27. Qe3 (27. Rf3 $16) 27... Bg5 28. Nxg7 $18 Be7 29. Nf5 1-0

[Event "Gibraltar Challengers B 2019"]
[Site "Caleta"]
[Date "2019.01.30"]
[Round "5"]
[White "Livesey, R Nigel"]
[Black "Tkadlecek, Petr"]
[Result "0-1"]
[ECO "A23"]
[WhiteElo "1797"]
[BlackElo "1719"]
[Annotator "NA RC"]
[PlyCount "94"]
[EventDate "2019.01.18"]
[EventType "swiss"]
[EventCountry "GGB"]
[SourceTitle "playchess.com"]
[Source "ChessBase"]
[SourceQuality "1"]
[TimeControl "6600+10"]

1. c4 e5 2. g3 Nf6 3. Bg2 Bc5 4. e3 O-O 5. Nc3 c6 6. Nge2 Re8 7. O-O d6 8. d4 exd4 9. exd4 Bb6 10. Qc2 Bg4 11. Nf4 Bxd4 12. h3 Bc8 13. Rd1 Bb6 14. b3 Na6 15. Ba3 Bc5 16. Bb2 Re7 17. Na4 Bb4 18. a3 Ba5 19. b4 Bc7 20. b5 Nb8 21. Bxf6 gxf6 22. Nc5 Re5 23. Ncd3 Bf5 24. Qb2 Bxd3 25. Nxd3 Rg5 26. h4 Rg6 27. Be4 Rg4 28. Qe2 Qd7 29. Qf3 Rg7 30. Bf5 Qd8 31. Nf4 Kh8 32. Nh5 Rg8 33. Bd3 Nd7 34. Qf5 Rg6 35. Qf4 d5 36. Qe3 Bb6 37. Qe2 Rg8 38. Qc2 f5 39. Bxf5 Qxh4 40. Bxd7 Qxh5 41. bxc6 Rxg3+ 42. Kf1 Qh1+ 43. Ke2 Qf3+ 44. Kf1 Rag8 45. Qb2+ d4 46. Ke1 Ba5+ 47. Rd2 Rg1# 0-1